A- SE
LAKELAND FLYING TIGERS @ BRADENTON MARAUDERS
08/19/2041
 
TOP OF THE 1ST
Lakeland Flying Tigers batting - Pitching for Bradenton Marauders : RHP Greg Ramsey
Pitching: RHP Greg Ramsey
Batting: RHB Esteban Luna 0-0: Bunt for hit to 25 - play at first, batter safe!
Batting: RHB José Garza 0-0: Ball
1-0: Ball
2-0: Fly out, F4 (Popup, 4M, EV 57.5 MPH)
Batting: RHB Dave Stratford 0-0: Ball
1-0: Ball
2-0: Ball
3-0: Called Strike
3-1: Base on Balls
Esteban Luna to second
Batting: RHB Jeff Hewitt 0-0: Ball
1-0: Called Strike
1-1: Ball
2-1: Ball
3-1: Base on Balls
Esteban Luna to third
Dave Stratford to second
Batting: RHB Jim Anderson 0-0: Ball
1-0: Foul Ball, location: 2F
1-1: Foul Ball, location: 25F
1-2: Fly out, F7 (Flyball, 7S, EV 86.9 MPH)
Batting: SHB Ed Murray 0-0: Called Strike
0-1: Ball
1-1: Ball
2-1: Ball
3-1: SINGLE (Groundball, 4MD, EV 95.0 MPH)
Esteban Luna scores
Dave Stratford to third
Jeff Hewitt to second
Runner from 3rd tries for Home, throw by CF and OUT! 8-2
Top of the 1st over - 1 run, 2 hits, 0 errors, 2 left on base; Lakeland 1 - Bradenton 0
BOTTOM OF THE 1ST
Bradenton Marauders batting - Pitching for Lakeland Flying Tigers : RHP Pepe Arroyo
Pitching: RHP Pepe Arroyo
Batting: LHB Charlie Wood 0-0: Foul Ball, location: 9LMF
0-1: Foul Ball, location: 3F
0-2: Foul Ball, location: 7LMF
0-2: Foul Ball, location: 2RF
0-2: Foul Ball, location: 2F
0-2: Ball
1-2: Ball
2-2: Ball
3-2: Foul Ball, location: 7LSF
3-2: Foul Ball, location: 23F
3-2: Foul Ball, location: 5F
3-2: Fly out, F5 (Popup, 56S, EV 83.1 MPH)
Batting: RHB Shawn Blanchard 0-0: Called Strike
0-1: Ground out 5-3 (Groundball, 5, EV 106.9 MPH)
Batting: LHB Rich Herbert 0-0: Ball
1-0: Ground out 4-3 (Groundball, 34D, EV 106.3 MPH)
Bottom of the 1st over - 0 runs, 0 hits, 0 errors, 0 left on base; Lakeland 1 - Bradenton 0
TOP OF THE 2ND
Lakeland Flying Tigers batting - Pitching for Bradenton Marauders : RHP Greg Ramsey
Batting: SHB Cristóbal Flores 0-0: Called Strike
0-1: Ball
1-1: Foul Ball, location: 3F
1-2: Ball
2-2: Foul Ball, location: 7LSF
2-2: DOUBLE (Line Drive, 7LD, EV 99.4 MPH)
Batting: RHB Eric Dixon 0-0: Bunted foul
0-1: Sac Bunt to 15S - play at first, batter OUT! 1-4
Cristóbal Flores to third
Batting: RHB José Rutiaga 0-0: Ball
1-0: Swinging Strike
1-1: Ball
2-1: Ball
3-1: Base on Balls
Batting: RHB Esteban Luna 0-0: Swinging Strike
0-1: Foul Ball, location: 5F
0-2: Ball
1-2: Foul Ball, location: 9LDF
1-2: Ball
2-2: Ball
3-2: Grounds into double play, 6-4-3 (Groundball, 6, EV 103.1 MPH)
Top of the 2nd over - 0 runs, 1 hit, 0 errors, 1 left on base; Lakeland 1 - Bradenton 0
BOTTOM OF THE 2ND
Bradenton Marauders batting - Pitching for Lakeland Flying Tigers : RHP Pepe Arroyo
Batting: RHB Enrico Velásquez 0-0: Called Strike
0-1: Ball
1-1: Foul Ball, location: 2F
1-2: Ball
2-2: Foul Ball, location: 2F
2-2: Ground out 5-3 (Groundball, 56, EV 75.6 MPH)
Batting: RHB Juan Chávez 0-0: Foul Ball, location: 25F
0-1: Ball
1-1: Ball
2-1: Fly out, F7 (Flyball, 78M, EV 76.9 MPH)
Batting: SHB Jesús Martínez 0-0: Ball
1-0: Ball
2-0: Ball
3-0: Called Strike
3-1: Foul Ball, location: 23F
3-2: Foul Ball, location: 5FF
3-2: Base on Balls
Batting: RHB Esteban Chacón 0-0: Called Strike
0-1: Ball
1-1: Ball
2-1: Called Strike
2-2: Fly out, F3 (Popup, 23F, EV 79.4 MPH)
Bottom of the 2nd over - 0 runs, 0 hits, 0 errors, 1 left on base; Lakeland 1 - Bradenton 0
TOP OF THE 3RD
Lakeland Flying Tigers batting - Pitching for Bradenton Marauders : RHP Greg Ramsey
Batting: RHB José Garza 0-0: SINGLE (Groundball, 34, EV 83.1 MPH) (infield hit)
Batting: RHB Dave Stratford 0-0: Called Strike
0-1: Ball
1-1: Grounds into double play, 5-4-3 (Groundball, 5L, EV 96.9 MPH)
Batting: RHB Jeff Hewitt 0-0: Called Strike
0-1: Ground out 5-3 (Groundball, 5, EV 80.6 MPH)
Top of the 3rd over - 0 runs, 1 hit, 0 errors, 0 left on base; Lakeland 1 - Bradenton 0
BOTTOM OF THE 3RD
Bradenton Marauders batting - Pitching for Lakeland Flying Tigers : RHP Pepe Arroyo
Batting: RHB Andreas Lambert 0-0: Ball
1-0: Fly out, F9 (Flyball, 89S, EV 91.3 MPH)
Batting: RHB Dan Alexander 0-0: Ball
1-0: Foul Ball, location: 7LSF
1-1: Ball
2-1: Ball
3-1: Fly out, F7 (Flyball, 7S, EV 91.9 MPH)
Batting: LHB Charlie Wood 0-0: Foul Ball, location: 5SF
0-1: Swinging Strike
0-2: Ball
1-2: Foul Ball, location: 7LDF
1-2: Strikes out swinging
Bottom of the 3rd over - 0 runs, 0 hits, 0 errors, 0 left on base; Lakeland 1 - Bradenton 0
TOP OF THE 4TH
Lakeland Flying Tigers batting - Pitching for Bradenton Marauders : RHP Greg Ramsey
Batting: RHB Jim Anderson 0-0: Called Strike
0-1: Ball
1-1: Foul Ball, location: 3DF
1-2: Ball
2-2: Strikes out swinging
Batting: SHB Ed Murray 0-0: Foul Ball, location: 2F
0-1: Ball
1-1: Ball
2-1: Foul Ball, location: 9LSF
2-2: Foul Ball, location: 2F
2-2: Ball
3-2: Strikes out swinging
Batting: SHB Cristóbal Flores 0-0: Swinging Strike
0-1: Ball
1-1: Swinging Strike
1-2: Ball
2-2: Foul Ball, location: 3F
2-2: Foul Ball, location: 5SF
2-2: Ground out 6-3 (Groundball, 6, EV 86.3 MPH)
Top of the 4th over - 0 runs, 0 hits, 0 errors, 0 left on base; Lakeland 1 - Bradenton 0
BOTTOM OF THE 4TH
Bradenton Marauders batting - Pitching for Lakeland Flying Tigers : RHP Pepe Arroyo
Batting: RHB Shawn Blanchard 0-0: Ball
1-0: Swinging Strike
1-1: Foul Ball, location: 9LMF
1-2: Foul Ball, location: 7LMF
1-2: Strikes out swinging
Batting: LHB Rich Herbert 0-0: Ball
1-0: SINGLE (Groundball, 4D, EV 100.0 MPH)
Batting: RHB Enrico Velásquez 0-0: Ball
1-0: DOUBLE (Line Drive, 78XD, EV 101.9 MPH)
Rich Herbert to third
Runner from 3rd tries for Home, SAFE, no throw by CF
Batting: RHB Juan Chávez 0-0: Ball
1-0: Called Strike
1-1: Foul Ball, location: 25F
1-2: Ground out U3 (Groundball, 3L, EV 85.0 MPH)
Enrico Velásquez to third
Batting: SHB Jesús Martínez 0-0: Ball
1-0: Ball
2-0: Swinging Strike
2-1: Swinging Strike
2-2: Strikes out swinging
Bottom of the 4th over - 1 run, 2 hits, 0 errors, 1 left on base; Lakeland 1 - Bradenton 1
TOP OF THE 5TH
Lakeland Flying Tigers batting - Pitching for Bradenton Marauders : RHP Greg Ramsey
Batting: RHB Eric Dixon 0-0: Called Strike
0-1: Called Strike
0-2: Ground out 1-3 (Groundball, 15S, EV 68.8 MPH)
Batting: RHB José Rutiaga 0-0: Swinging Strike
0-1: SINGLE (Line Drive, 8RS, EV 96.9 MPH)
Batting: RHB Esteban Luna 0-0: Ball
1-0: Ball
2-0: Ball
3-0: Called Strike
3-1: Called Strike
3-2: Base on Balls
José Rutiaga to second
Batting: RHB José Garza 0-0: Ball
1-0: Ball
2-0: Ball
3-0: Called Strike
3-1: Fielders Choice at 2nd, 1-6 (Groundball, 13S, EV 63.8 MPH)
José Rutiaga to third
Batting: RHB Dave Stratford 0-0: Ball
1-0: Ball
2-0: Called Strike
2-1: Called Strike
2-2: Foul Ball, location: 7LMF
2-2: Ball
3-2: Foul Ball, location: 9LDF
3-2: Strikes out swinging
Top of the 5th over - 0 runs, 1 hit, 0 errors, 2 left on base; Lakeland 1 - Bradenton 1
BOTTOM OF THE 5TH
Bradenton Marauders batting - Pitching for Lakeland Flying Tigers : RHP Pepe Arroyo
Batting: RHB Esteban Chacón 0-0: Swinging Strike
0-1: Swinging Strike
0-2: Foul Ball, location: 5F
0-2: Strikes out swinging
Batting: RHB Andreas Lambert 0-0: Called Strike
0-1: Ball
1-1: Foul Ball, location: 9LSF
1-2: Ball
2-2: Ball
3-2: Strikes out swinging
Batting: RHB Dan Alexander 0-0: Fly out, F4 (Popup, 3D, EV 62.5 MPH)
Bottom of the 5th over - 0 runs, 0 hits, 0 errors, 0 left on base; Lakeland 1 - Bradenton 1
TOP OF THE 6TH
Lakeland Flying Tigers batting - Pitching for Bradenton Marauders : RHP Greg Ramsey
Batting: RHB Jeff Hewitt 0-0: Ball
1-0: Ball
2-0: Ball
3-0: Base on Balls
Batting: RHB Jim Anderson 0-0: Ball
1-0: Swinging Strike
1-1: Ball
2-1: Called Strike
Jeff Hewitt is caught stealing 2nd base 2-4
2-2: Strikes out swinging
Batting: SHB Ed Murray 0-0: Called Strike
0-1: DOUBLE (Line Drive, 8RXD, EV 103.1 MPH)
Pitching: RHP David Flores
Batting: SHB Cristóbal Flores 0-0: Foul Ball, location: 2LF
0-1: Foul Ball, location: 2F
0-2: Strikes out looking
Top of the 6th over - 0 runs, 1 hit, 0 errors, 1 left on base; Lakeland 1 - Bradenton 1
BOTTOM OF THE 6TH
Bradenton Marauders batting - Pitching for Lakeland Flying Tigers : RHP Pepe Arroyo
Batting: LHB Charlie Wood 0-0: Swinging Strike
0-1: Ball
1-1: Ground out U3 (Groundball, 3S, EV 66.9 MPH)
Batting: RHB Shawn Blanchard 0-0: Ball
1-0: Ball
2-0: Foul Ball, location: 2LF
2-1: Foul Ball, location: 3DF
2-2: Foul Ball, location: 9LMF
2-2: Fly out, F8 (Flyball, 89M, EV 96.3 MPH)
Batting: LHB Rich Herbert 0-0: Ball
1-0: Fly out, F9 (Flyball, 9, EV 90.0 MPH)
Bottom of the 6th over - 0 runs, 0 hits, 0 errors, 0 left on base; Lakeland 1 - Bradenton 1
TOP OF THE 7TH
Lakeland Flying Tigers batting - Pitching for Bradenton Marauders : RHP David Flores
Batting: RHB Eric Dixon 0-0: Foul Ball, location: 5F
0-1: Foul Ball, location: 5FF
0-2: Foul Ball, location: 23F
0-2: Ball
1-2: Strikes out swinging
Batting: RHB José Rutiaga 0-0: Called Strike
0-1: Swinging Strike
0-2: Ball
1-2: Ball
2-2: Ball
3-2: Base on Balls
Batting: RHB Esteban Luna 0-0: Ball
1-0: SINGLE (Groundball, 6D, EV 99.4 MPH)
José Rutiaga to second
Batting: RHB José Garza 0-0: Ball
1-0: Foul Ball, location: 3SF
1-1: Ball
2-1: Called Strike
2-2: Strikes out swinging
Pinch Hitting: SHB Lou Larsen 0-0: Called Strike
0-1: Ball
1-1: Ball
2-1: Foul Ball, location: 2F
2-2: 3-RUN HOME RUN (Flyball, 7D, EV 92.5 MPH), Distance : 356 ft
Batting: RHB Jeff Hewitt 0-0: Ball
1-0: Ball
2-0: DOUBLE (Line Drive, 3D, EV 108.1 MPH)
Pitching: RHP José Domínguez
Batting: RHB Jim Anderson 0-0: Swinging Strike
0-1: Foul Ball, location: 2F
0-2: Ball
1-2: Strikes out swinging
Top of the 7th over - 3 runs, 3 hits, 0 errors, 1 left on base; Lakeland 4 - Bradenton 1
BOTTOM OF THE 7TH
Bradenton Marauders batting - Pitching for Lakeland Flying Tigers : RHP Pepe Arroyo
Now in RF: Kevin Billings
Batting: RHB Enrico Velásquez 0-0: Ball
1-0: Called Strike
1-1: Foul Ball, location: 9LDF
1-2: Ball
2-2: Fly out, F7 (Line Drive, 7, EV 85.6 MPH)
Batting: RHB Juan Chávez 0-0: Fly out, F8 (Flyball, 8LM, EV 91.9 MPH)
Batting: SHB Jesús Martínez 0-0: Called Strike
0-1: Foul Ball, location: 7LMF
0-2: Strikes out swinging
Bottom of the 7th over - 0 runs, 0 hits, 0 errors, 0 left on base; Lakeland 4 - Bradenton 1
TOP OF THE 8TH
Lakeland Flying Tigers batting - Pitching for Bradenton Marauders : RHP José Domínguez
Batting: SHB Ed Murray 0-0: Foul Ball, location: 23FF
0-1: Swinging Strike
0-2: Strikes out looking
Batting: SHB Cristóbal Flores 0-0: Foul Ball, location: 3DF
0-1: SINGLE (Groundball, 34D, EV 98.8 MPH)
Batting: RHB Eric Dixon 0-0: Ball
1-0: Called Strike
1-1: Ground out 5-3 (Groundball, 5L, EV 106.9 MPH)
Cristóbal Flores to second
Batting: RHB José Rutiaga 0-0: Fly out, F8 (Flyball, 78M, EV 99.4 MPH)
Top of the 8th over - 0 runs, 1 hit, 0 errors, 1 left on base; Lakeland 4 - Bradenton 1
BOTTOM OF THE 8TH
Bradenton Marauders batting - Pitching for Lakeland Flying Tigers : RHP Pepe Arroyo
Batting: RHB Esteban Chacón 0-0: Ball
1-0: SINGLE (Line Drive, 8RS, EV 90.0 MPH)
Batting: RHB Andreas Lambert 0-0: Ball
1-0: Ball
2-0: Foul Ball, location: 2F
2-1: Swinging Strike
2-2: Ball
3-2: Base on Balls
Esteban Chacón to second
Batting: RHB Dan Alexander 0-0: Called Strike
0-1: DOUBLE (Line Drive, 78XD, EV 108.8 MPH)
Esteban Chacón scores
Andreas Lambert to third
Pinch Hitting: SHB Don Hardin 0-0: Called Strike
0-1: Called Strike
0-2: Ball
1-2: Ball
2-2: Ball
3-2: Base on Balls
Pitching: LHP Ernesto Zavala
Batting: RHB Shawn Blanchard 0-0: Ball
1-0: Called Strike
1-1: Foul Ball, location: 5SF
1-2: Ball
2-2: Ball
3-2: Base on Balls
Andreas Lambert scores
Dan Alexander to third
Don Hardin to second
Batting: LHB Rich Herbert 0-0: Fly out, F9 (Line Drive, 9S, EV 86.9 MPH)
Batting: RHB Enrico Velásquez 0-0: Swinging Strike
0-1: GRAND SLAM HOME RUN (Flyball, 9D, EV 96.9 MPH), Distance : 378 ft
Batting: RHB Juan Chávez 0-0: Called Strike
0-1: Hit by Pitch
Batting: SHB Jesús Martínez 0-0: Called Strike
0-1: Ball
1-1: Ball
2-1: Ball
3-1: Foul Ball, location: 9LSF
3-2: Base on Balls
Juan Chávez to second
Batting: RHB Esteban Chacón 0-0: Ball
Passed Ball!
Juan Chávez to third
Jesús Martínez to second
1-0: Ball
2-0: Ball
3-0: Called Strike
3-1: Base on Balls
Batting: RHB Andreas Lambert 0-0: Ball
1-0: Called Strike
1-1: Ball
2-1: Ball
3-1: Foul Ball, location: 2F
3-2: Grounds into fielders choice U2 (Groundball, 2L, EV 61.9 MPH)
Jesús Martínez to third
Esteban Chacón to second
Batting: RHB Dan Alexander 0-0: Fly out, F8 (Flyball, 8LD, EV 91.3 MPH)
Bottom of the 8th over - 6 runs, 3 hits, 0 errors, 3 left on base; Lakeland 4 - Bradenton 7
TOP OF THE 9TH
Lakeland Flying Tigers batting - Pitching for Bradenton Marauders : RHP José Domínguez
Pitching: RHP Nate MacDonald
Now at 1B: Enrico Velásquez
Now at 2B: Raúl Bueno
Now at 3B: Shawn Blanchard
Now at SS: Jesús Martínez
Now in CF: Eric Barnett
Now in RF: José Robles
Batting: RHB Esteban Luna 0-0: Called Strike
0-1: Ground out 6-3 (Groundball, 6, EV 103.8 MPH)
Batting: RHB José Garza 0-0: Called Strike
0-1: Ball
1-1: Ground out U3 (Groundball, 3L, EV 89.4 MPH)
Pinch Hitting: LHB Dwayne Polanco 0-0: Ground out U3 (Groundball, 13, EV 88.8 MPH)
Top of the 9th over - 0 runs, 0 hits, 0 errors, 0 left on base; Lakeland 4 - Bradenton 7
Monday, April 1st , 2024 - OOTP Baseball 24.10 Build 82